AoeStats
← MiniColossus

Fortress

509915892Analyzed
4v4 RM · 5d ago on Sep 28, 2026· 43m 42s· 8 players
Game mode
Random Map
Map size
Huge
Population
200
Speed
Normal
Resources
Standard
Victory
Conquest
Starting age
Dark Age
Ending age
Imperial Age
RankedLock teamsTeams togetherTeam positionsShared explorationLock speedFull tech treeHidden civsTurbo modeCheats
Victory
Defeat
🇬🇧 Khmer · United Kingdom
1103
+12
🇬🇧 Vietnamese · United Kingdom
1071
+13
🇹🇷 Chinese · Türkiye
1066
+13
🇫🇮 Mongols · Finland
1035
+14
🇵🇦 Gurjaras · Panama
1096
-16
🇵🇰 Huns · Pakistan
1003
-13
🇵🇰 Bohemians · Pakistan
992
-13
🇵🇰 Lithuanians · Pakistan
925
-10
haratass
4:43 Loom
8:36 Feudal Age
9:29 Double-Bit Axe
12:08 Castle Age
9:52 Horse Collar
10:35 Fletching
13:07 Bow Saw
19:00 Wheelbarrow
20:28 Hand Cart
20:54 Bodkin Arrow
21:00 Padded Archer Armor
21:22 Heavy Plow
23:21 Bloodlines
23:12 Husbandry
24:46 Gold Mining
24:50 Stone Mining
28:12 Imperial Age
27:00 Ballistics
30:30 Scale Barding Armor
30:35 Forging
32:35 Gold Shaft Mining
32:23 Chain Barding Armor
32:38 Iron Casting
33:10 Conscription
32:30 Elite Mangudai
33:47 Hoardings
35:50 Parthian Tactics
35:31 Thumb Ring
38:06 Chemistry
37:10 Bracer
37:25 Leather Archer Armor
38:11 Blast Furnace
36:47 Light Cavalry
38:38 Hussar
MiniColossus
7:41 Feudal Age
8:07 Double-Bit Axe
8:02 Horse Collar
12:56 Castle Age
16:49 Bow Saw
18:40 Pikeman
19:21 Squires
19:07 Arson
21:50 Forging
21:40 Scale Mail Armor
21:34 Fletching
24:34 Iron Casting
24:14 Chain Mail Armor
28:51 Imperial Age
27:59 Wheelbarrow
28:33 Hand Cart
29:03 Bodkin Arrow
29:09 Padded Archer Armor
29:19 Halberdier
30:18 Chain Mail Armor
30:05 Bracer
30:30 Thumb Ring
29:46 Elite Skirmisher
32:43 Leather Archer Armor
32:51 Ballistics
33:31 Chemistry
31:55 Imperial Skirmisher
39:51 Ring Archer Armor
Danny
8:28 Feudal Age
12:35 Castle Age
16:25 Loom
17:16 Wheelbarrow
31:55 Imperial Age
30:16 Hand Cart
31:13 Bloodlines
31:04 Husbandry
31:59 Scale Barding Armor
32:09 Forging
33:45 Ballistics
34:05 Town Watch
34:43 Chain Barding Armor
35:28 Chemistry
34:49 Double Crossbow
37:37 Stone Mining
37:38 Gold Mining
39:29 Elite Ballista Elephant
41:54 Plate Barding Armor
serqu
1:18 Loom
8:54 Feudal Age
12:48 Castle Age
11:03 Double-Bit Axe
11:00 Horse Collar
15:06 Fletching
16:56 Bow Saw
17:48 Heavy Plow
19:57 Gold Mining
21:29 Wheelbarrow
21:34 Bodkin Arrow
23:28 Gold Shaft Mining
22:52 Stone Mining
23:21 Hand Cart
23:29 Padded Archer Armor
23:47 Squires
23:33 Arson
23:51 Scale Mail Armor
23:58 Town Watch
25:10 Stone Shaft Mining
28:14 Imperial Age
28:14 Chain Mail Armor
28:15 Leather Archer Armor
29:05 Town Patrol
28:46 Elite Fire Lancer
30:05 Conscription
31:05 Ballistics
31:45 Chemistry
30:47 Bracer
32:02 Ring Archer Armor
33:20 Rocketry
37:17 Elite Chu Ko Nu
39:18 Man-at-Arms
41:00 Plate Mail Armor
40:41 Forging
41:40 Light Cavalry
42:31 Bloodlines
42:21 Husbandry
44:24 Two-Man Saw
Just_jawad
0:42 Loom
9:44 Feudal Age
10:27 Double-Bit Axe
10:25 Horse Collar
13:29 Castle Age
14:44 Wheelbarrow
14:42 Bow Saw
14:33 Heavy Plow
28:08 Hand Cart
30:52 Fletching
31:04 Padded Archer Armor
33:59 Imperial Age
32:17 Wagenburg Tactics
33:00 Bodkin Arrow
33:21 Leather Archer Armor
34:08 Chemistry
33:05 Murder Holes
34:14 Forging
34:05 Scale Mail Armor
33:28 Pikeman
33:55 Arson
34:19 Houfnice
35:30 Conscription
34:33 Elite Hussite Wagon
35:27 Squires
34:48 Halberdier
40:07 Bracer
40:39 Ring Archer Armor
40:33 Conscription
Memory
9:04 Feudal Age
13:11 Castle Age
10:58 Double-Bit Axe
10:56 Horse Collar
12:27 Gold Mining
12:47 Scale Barding Armor
12:53 Forging
13:28 Bloodlines
14:55 Iron Casting
14:46 Chain Barding Armor
17:11 Iron Casting
18:08 Husbandry
26:07 Wheelbarrow
27:56 Hand Cart
29:17 Fletching
33:20 Imperial Age
30:36 Loom
32:28 Bodkin Arrow
32:08 Elite Skirmisher
32:55 Padded Archer Armor
34:18 Bracer
35:21 Chemistry
35:06 Thumb Ring
35:58 Gold Shaft Mining
36:53 Leather Archer Armor
P2Phantom
7:27 Feudal Age
9:31 Double-Bit Axe
9:48 Gold Mining
9:41 Horse Collar
13:33 Castle Age
12:52 Scale Barding Armor
12:54 Loom
13:27 Fletching
14:36 Padded Archer Armor
16:48 Husbandry
17:02 Bloodlines
19:55 Wheelbarrow
19:49 Chain Barding Armor
20:02 Bow Saw
21:46 Leather Archer Armor
21:58 Stone Mining
23:23 Bodkin Arrow
28:32 Heavy Plow
30:48 Hand Cart
31:40 Forging
35:51 Imperial Age
34:55 Gold Shaft Mining
35:01 Iron Casting
36:18 Ballistics
35:54 Murder Holes
35:42 Treadmill Crane
37:14 Frontier Guards
38:10 Conscription
38:39 Bracer
39:16 Plate Barding Armor
40:08 Chemistry
40:04 Thumb Ring
40:03 Elite Elephant Archer
Naughty Grandpa
7:32 Feudal Age
11:57 Wheelbarrow
13:24 Castle Age
12:12 Gold Mining
12:38 Double-Bit Axe
14:53 Stone Mining
16:23 Hand Cart
20:58 Bow Saw
20:57 Horse Collar
23:08 Heavy Plow
25:13 Forging
25:03 Scale Mail Armor
25:09 Scale Barding Armor
28:35 Iron Casting
28:37 Caravan
32:56 Imperial Age
30:53 Bloodlines
31:15 Chain Mail Armor
33:01 Light Cavalry
33:28 Elite Leitis
34:29 Conscription
34:34 Winged Hussar
35:21 Tower Shields
36:32 Two-Man Saw
36:12 Crop Rotation
35:51 Fletching
36:02 Padded Archer Armor
38:45 Elite Skirmisher
39:25 Bodkin Arrow
39:46 Leather Archer Armor
40:51 Chain Barding Armor
40:32 Bracer
Connection lost

Rejoining the realm…

Still unreachable

The connection could not be restored.

Session expired

The server has moved on; the page needs a fresh start.